 Dungeon Crawl Stone Soup version 0.28.0-1-gb440e238dd (webtiles) character file.

Game seed: 6386636790979872058

9559 olmar the Basher (level 11, -4/69 HPs)
             Began as a Gargoyle Fighter on Feb 25, 2022.
             Was a High Priest of Nemelex Xobeh.
             Slain by a six-headed hydra (5 damage)
             ... on level 1 of the Lair of Beasts.
             The game lasted 00:20:47 (11563 turns).

olmar the Basher (Gargoyle Fighter)                Turns: 11563, Time: 00:20:48

Health: -4/69      AC: 26    Str: 23    XL:     11   Next: 48%
Magic:  14/14      EV:  7    Int: 10    God:    Nemelex Xobeh [*****.]
Gold:   721        SH:  5    Dex:  9    Spells: 10/10 levels left

rFire   + . .      SeeInvis .   F - +1 whip (venom)
rCold   . . .      Faith    .   c - +0 buckler
rNeg    + . .      Spirit   .   C - +0 plate armour
rPois   ∞          Reflect  .   G - +2 hat
rElec   +          Harm     .   (no cloak)
rCorr   .          Rampage  .   w - +1 pair of gloves
Will    .....                   (no boots)
Stlth   ..........              u - amulet of the acrobat
HPRegen 0.21/turn               r - ring of protection from fire
MPRegen 0.14/turn               (no ring)

@: no status effects
A: sickness immunity, AC +8, negative energy resistance 1, electricity
resistance, torment resistance 1, petrification resistance
a: Renounce Religion, Draw Escape, Draw Destruction, Draw Summoning, Triple
Draw, Deal Four, Stack Five


You were on level 1 of the Lair of Beasts.
You worshipped Nemelex Xobeh.
Nemelex Xobeh was extremely pleased with you.
You visited 2 branches of the dungeon, and saw 12 of its levels.

You collected 721 gold pieces.

Inventory:

Hand Weapons
 a - a +0 flail
 j - a +0 vorpal mace
 B - the +3 quarterstaff of Reasonable Punishment {freeze, Drain Str+3}
   (You found it on level 6 of the Dungeon)

   It freezes those it strikes, dealing additional cold damage.
   It can also slow down cold-blooded creatures.
   Str:       It affects your strength (+3).
   Drain:     It drains your maximum health when unequipped.
 F - a +1 whip of venom (weapon)
Missiles
 l - 2 throwing nets (quivered)
Armour
 b - a +0 scale mail
 c - a +0 buckler (worn)
 w - a +1 pair of gloves (worn)
 C - a +0 plate armour (worn)
 G - a +2 hat (worn)
Jewellery
 r - a ring of protection from fire (left hand)
 u - an amulet of the acrobat (around neck)
 I - a ring of positive energy
 K - a ring of ice
Wands
 d - a wand of acid (3)
 p - a wand of mindburst (11)
 x - a wand of iceblast (13)
Scrolls
 e - 3 scrolls of vulnerability
 f - a scroll of blinking
 i - 2 scrolls of teleportation
 k - 5 scrolls of enchant armour
 t - 2 scrolls of noise
 y - 2 scrolls of magic mapping
 A - a scroll of immolation {unknown}
 D - 6 scrolls of identify
 E - 2 scrolls of acquirement {unknown}
 M - a scroll of fear {unknown}
Potions
 g - 3 potions of resistance
 h - a potion of brilliance
 m - a potion of mutation
 n - 4 potions of curing
 o - 2 potions of heal wounds
 q - 4 potions of degeneration
 s - 2 potions of flight {unknown}
 v - 3 potions of haste
 z - 2 potions of attraction {unknown}
 H - 2 potions of lignification {unknown}
 J - a potion of cancellation {unknown}
 N - a potion of invisibility {unknown}
 O - 2 potions of might


   Skills:
 + Level 8.6 Fighting
 + Level 11.6 Maces & Flails
 + Level 9.9 Armour
 + Level 6.9 Shields
 * Level 4.9 Invocations
 - Level 1.7 Evocations


You had 10 spell levels left.
You didn't know any spells.
Your spell library contained the following spells:

 Spells                   Type           Power      Damage    Failure   Level
 Sandblast                Erth           0%         2d4       99%         1
 Sting                    Tmut/Pois      0%         1d3       99%         1
 Passwall                 Tmut/Erth      0%         N/A       100%        2
 Poisonous Vapours        Pois/Air       0%         N/A       100%        2
 Static Discharge         Conj/Air       0%         N/A       100%        2
 Confusing Touch          Hex            0%         N/A       100%        3
 Ignite Poison            Fire/Tmut/Pois 0%         N/A       100%        3
 Mephitic Cloud           Conj/Pois/Air  0%         N/A       100%        3
 Stone Arrow              Conj/Erth      0%         3d7       100%        3
 Olgreb's Toxic Radiance  Pois           0%         N/A       100%        4
 Freezing Cloud           Conj/Ice/Air   0%         6-21      100%        5
 Lightning Bolt           Conj/Air       0%         1d11      100%        5
 Yara's Violent Unravell  Hex/Tmut       0%         3d3       100%        5
 Enfeeble                 Hex            0%         N/A       100%        7
 Maxwell's Capacitive Co  Air            0%         ∞         100%        8


Dungeon Overview and Level Annotations

Branches:
Dungeon (11/15)            Temple (0/1) D:6            Lair (1/6) D:9
    Orc: D:9-12

Altars:
Kikubaaqudgha
Makhleb
Nemelex Xobeh
Qazlal
Ru
Sif Muna
Uskayaw
Vehumet
Yredelemnul

Shops:
D:3 :=[[[   D:4 [   D:7 *


Innate Abilities, Weirdness & Mutations

You are immune to sickness and miasma.
Your stone body is resilient. (AC +8)
You are immune to poison.
You resist negative energy. (rN+)
You are resistant to electric shocks. (rElec)
You are resistant to unholy torment.
You are immune to petrification.


Message History

You block the six-headed hydra's attack.
The six-headed hydra bites you but does no damage.
The six-headed hydra bites you!
Unknown command.
Aiming: Paralyse
Press: ? - help, Shift-Dir - straight line, f/p - six-headed hydra
Aim: a six-headed hydra (chance to affect: 21%)
The six-headed hydra resists with almost no effort.
The now-empty wand crumbles to dust.
The six-headed hydra bites you! The six-headed hydra barely misses you.
The six-headed hydra bites you but does no damage. x2
The six-headed hydra bites you.
You block the six-headed hydra's attack.
Unknown command.
Aiming: Mindburst
Press: ? - help, Shift-Dir - straight line, f/p - six-headed hydra
Aim: a six-headed hydra (chance to affect: 37%)
The six-headed hydra resists with some effort.
The six-headed hydra bites you but does no damage. x2
The six-headed hydra bites you.
The six-headed hydra completely misses you.
The six-headed hydra bites you but does no damage.
You block the six-headed hydra's attack.
Unknown command.
You draw a card...
You have drawn the Tomb.
Walls emerge from the floor!
The six-headed hydra bites you. The six-headed hydra barely misses you.
The six-headed hydra bites you but does no damage.
The six-headed hydra bites you. x2
* * * LOW HITPOINT WARNING * * *
The six-headed hydra bites you but does no damage.
Unknown command.
You draw a card...
You have drawn Exile.
The six-headed hydra bites you!
* * * LOW HITPOINT WARNING * * *
The six-headed hydra barely misses you.
You block the six-headed hydra's attack.
The six-headed hydra bites you.
* * * LOW HITPOINT WARNING * * *
The six-headed hydra bites you.
You die...
Your body glows with a rainbow of weird colours and disappears.

,,,,,,,**,..................#....
,,,,,,,**#...................#..,
,,,,,,,,*#............†.....##..*
,,,,,,,,*#..................#..**
,,,,,,,,,*#................#..#*
,,,,,,,,,*#................##.#
,,,,,,,,,**#.............#.#..#
,,,,,,,,,,##...###......####.P###
,,,,,,,,,,#....#@#......# #.....#
>,,,,,,,,..##..#D.....#####......
,,,,,,,,,...P........####........
,,,,,,,,,........................
,,,,,,,,,.##.....................
,,,,,,,,,,....#..................
,,,,,,,,,....####................
,,,,,,,,,....,...................
,,,,,,,**,,,,....##..............


You could see a six-headed hydra.

Vanquished Creatures
  Fannar (D:10)
  A two-headed ogre (D:10)
  Nergalle (D:10)
  A troll (D:10)
  A polar bear (Lair:1)
  A hornet (D:7)
  4 yaks (D:11)
  A shadow (D:11)
  3 wyverns
  2 steam dragons
  5 water moccasins
  A black bear (D:7)
  An orc warrior (D:7)
  5 ice beasts
  A necrophage (D:4)
  3 ogres
  2 phantoms (D:5)
  2 centaurs
  3 kobold brigands
  A bullfrog (D:7)
  2 scorpions
  A water moccasin skeleton (D:5)
  5 killer bees (D:10)
  3 howler monkeys
  3 centaur zombies
  A gnoll shaman (D:8)
  2 centaur skeletons (D:5)
  A jelly (D:5)
  6 orc priests
  Jessica (D:3)
  2 bullfrog skeletons
  Natasha (thrice) (D:3)
  4 iguanas
  11 orc wizards
  A hound zombie (D:5)
  A hound skeleton (D:4)
  5 gnolls
  A howler monkey skeleton (D:5)
  2 adders
  2 shadow imps
  A white imp (D:7)
  An ufetubus (D:6)
  2 worms
  6 dart slugs
  37 orcs
  10 endoplasms
  2 giant cockroaches
  6 hobgoblins
  6 jackals
  3 quokkas
  5 ball pythons
  8 bats
  2 frilled lizards (D:2)
  12 goblins
  29 kobolds
  10 rats
237 creatures vanquished.

Vanquished Creatures (collateral kills)
  The ghost of bobojojo the Covert, a novice GnDe of Yredelemnul (D:9)
  A cane toad (Lair:1)
  A komodo dragon (Lair:1)
  A basilisk (Lair:1)
  An orc priest (D:10)
  4 orcs (D:10)
9 creatures vanquished.

Vanquished Creatures (others)
  A wizard (D:10)
  An orc (D:8)
  13 plants (D:9)
15 creatures vanquished.

Grand Total: 261 creatures vanquished

Notes
Turn   | Place    | Note
-------+----------+-------------------------------------------
     0 | D:1      | olmar the Gargoyle Fighter began the quest for the Orb.
     0 | D:1      | Reached XP level 1. HP: 14/14 MP: 1/1
   600 | D:1      | Reached XP level 2. HP: 18/19 MP: 2/2
   964 | D:1      | Found a faded altar of an unknown god.
  1009 | D:1      | Prayed at the altar of an unknown god.
  1009 | D:1      | Became a worshipper of Nemelex Xobeh the Trickster
  1009 | D:1      | Reached * piety under Nemelex Xobeh
  1009 | D:1      | Received a gift from Nemelex Xobeh
  1356 | D:2      | Reached XP level 3. HP: 23/23 MP: 3/3
  1981 | D:3      | Found Kanuna's Jewellery Boutique.
  2055 | D:3      | Noticed Jessica
  2073 | D:3      | Killed Jessica
  2074 | D:3      | Reached skill level 3 in Maces & Flails
  2074 | D:3      | Reached XP level 4. HP: 27/29 MP: 4/4
  2105 | D:3      | Reached ** piety under Nemelex Xobeh
  2109 | D:3      | Found Koucun's Book Boutique.
  2160 | D:3      | Found Woreng's Armour Emporium.
  2188 | D:3      | Found Miptet's Antique Armour Boutique.
  2219 | D:3      | Found Olarik's Antique Armour Shoppe.
  2246 | D:3      | Noticed Natasha
  2251 | D:3      | Killed Natasha
  2601 | D:3      | Noticed Natasha
  2608 | D:3      | Killed Natasha
  2609 | D:3      | Reached XP level 5. HP: 33/33 MP: 5/5
  2669 | D:3      | Noticed Natasha
  2697 | D:3      | Killed Natasha
  2698 | D:3      | Reached skill level 4 in Maces & Flails
  2942 | D:4      | Found Ygonaa's Armour Shoppe.
  2976 | D:4      | Noticed an ogre
  2980 | D:4      | Killed an ogre
  2981 | D:4      | Reached XP level 6. HP: 38/38 MP: 6/6
  3403 | D:4      | Reached skill level 5 in Maces & Flails
  3598 | D:4      | Noticed a necrophage
  3606 | D:4      | Killed a necrophage
  3607 | D:4      | Reached XP level 7. HP: 44/44 MP: 7/7
  4161 | D:5      | Entered Level 5 of the Dungeon
  4175 | D:5      | Reached skill level 5 in Armour
  4366 | D:5      | Received a gift from Nemelex Xobeh
  4378 | D:5      | Reached skill level 6 in Maces & Flails
  4470 | D:5      | Reached XP level 8. HP: 34/48 MP: 8/8
  4598 | D:5      | Reached skill level 5 in Fighting
  4794 | D:5      | Reached skill level 7 in Maces & Flails
  5255 | D:5      | Reached *** piety under Nemelex Xobeh
  5255 | D:5      | Received a gift from Nemelex Xobeh
  5536 | D:6      | Reached skill level 5 in Shields
  5644 | D:6      | Found a burning altar of Makhleb.
  5666 | D:6      | Reached skill level 8 in Maces & Flails
  5791 | D:6      | Reached XP level 9. HP: 55/55 MP: 9/9
  6112 | D:6      | Found a staircase to the Ecumenical Temple.
  6418 | D:6      | Identified the +3 quarterstaff of Reasonable Punishment
                  | {freeze, Drain Str+3}
  6616 | D:7      | Noticed a hornet
  6624 | D:7      | Killed a hornet
  6625 | D:7      | Reached skill level 9 in Maces & Flails
  6729 | D:7      | Received a gift from Nemelex Xobeh
  6828 | D:7      | Reached skill level 1 in Evocations
  7018 | D:7      | Found a stormy altar of Qazlal.
  7126 | D:7      | Found a basalt altar of Yredelemnul.
  7126 | D:7      | Found a hide-covered altar of Uskayaw.
  7126 | D:7      | Found a radiant altar of Vehumet.
  7439 | D:7      | Found Mare's Assorted Antiques.
  7759 | D:8      | Reached XP level 10. HP: 57/61 MP: 10/10
  7923 | D:8      | Reached skill level 10 in Maces & Flails
  7948 | D:8      | Reached **** piety under Nemelex Xobeh
  7948 | D:8      | Received a gift from Nemelex Xobeh
  8144 | D:8      | Found a sacrificial altar of Ru.
  8200 | D:8      | Received a gift from Nemelex Xobeh
  8370 | D:8      | Found an ancient bone altar of Kikubaaqudgha.
  8752 | D:9      | Received a gift from Nemelex Xobeh
  8879 | D:9      | Found a staircase to the Lair.
  8949 | D:9      | Reached skill level 1 in Invocations
  9005 | D:9      | Found a shimmering blue altar of Sif Muna.
  9294 | D:9      | Found a runed translucent door.
  9295 | D:9      | Reached ***** piety under Nemelex Xobeh
  9295 | D:9      | Noticed bobojojo's ghost (novice GnDe)
  9470 | D:9      | Killed bobojojo's ghost
  9504 | D:10     | Entered Level 10 of the Dungeon
  9554 | D:10     | Noticed a wizard
  9562 | D:10     | Killed a wizard
  9573 | D:10     | Noticed a two-headed ogre
  9585 | D:10     | Killed a two-headed ogre
  9729 | D:10     | Reached skill level 11 in Maces & Flails
  9959 | D:10     | Noticed Nergalle
  9971 | D:10     | Killed Nergalle
  9972 | D:10     | Reached XP level 11. HP: 47/68 MP: 13/13
  9973 | D:10     | Noticed Fannar
  9991 | D:10     | Killed Fannar
 10450 | D:10     | Received a gift from Nemelex Xobeh
 11059 | D:11     | Noticed a skeletal warrior
 11059 | D:11     | Noticed a skeletal warrior
 11059 | D:11     | Noticed a skeletal warrior
 11356 | Lair:1   | Entered Level 1 of the Lair of Beasts
 11541 | Lair:1   | Received a gift from Nemelex Xobeh
 11553 | Lair:1   | Noticed a six-headed hydra
 11563 | Lair:1   | HP: 1/69 [six-headed hydra (3)]
 11563 | Lair:1   | Slain by a six-headed hydra

Illustrated notes

Levels and vault maps discovered:
D:1:      amcnicky_arrival_choice, layout_loops_ring,
          shapermc_ecumenical_altar_venn
D:2:      layout_rooms
D:3:      layout_loops_ring, serial_shops, shop, nicolae_lakefront_shop,
          nicolae_shop_waterfront, shop,
          nicolae_shop_competitors_out_of_business, uniq_natasha, uniq_jessica
D:4:      cheibrodos_barr_body, layout_layer_cave, serial_shops,
          nicolae_shop_trees, serial_rivers, chequers_serial_rivers_marsh,
          chequers_serial_rivers_marsh, chequers_serial_rivers_micro_a,
          chequers_serial_rivers_room_b
D:5:      kennysheep_spiral_hall, layout_rooms, minmay_quadrilaterals
D:6:      layout_loops_cross, mainiacjoe_overflow_small_starburst,
          minmay_temple_entry_mini_moons, minivault_10
D:7:      layout_layer_cave, chequers_temple_overflow_statue_of_worship,
          mainiacjoe_overflow_tiny_flanked, serial_shops, nicolae_lakefront_shop
D:8:      layout_cave_pools, nicolae_overflow_crystal_walls,
          mainiacjoe_overflow_concentric_impassable, corexii_leaking_fountain
D:9:      kennysheep_kobold_camp, layout_rooms, nicolae_overflow_hidden_temple,
          lair_entry_dummy, gammafunk_ghost_grave
D:10:     layout_irregular_city, uniq_nergalle, uniq_fannar
D:11:     layout_basic, david_orc_2, serial_glass, glass_columns_a,
          glass_columns_a, serial_bayou_pond_e, uniq_snorg, uniq_harold
Lair:1:   layout_cave_pods, gauntlet_entry_generic

Skill      XL: |  1  2  3  4  5  6  7  8  9 10 11 |
---------------+----------------------------------+-----
Maces & Flails | 3 4 5 6 8 9 11 | 11.6
Armour         | 4 5 6 8 9 |  9.9
Fighting       | 4 5 6 8 |  8.6
Shields        | 4 5 6 |  6.9
Evocations     | 1 |  1.7
Invocations    | 3 4 |  4.9

Action                   |  1- 3 |  4- 6 |  7- 9 | 10-12 || total
-------------------------+-------+-------+-------+-------++-------
Melee: Flail             |    93 |       |       |       ||    93
       Mace              |    44 |   114 |   397 |   239 ||   794
       Whip              |       |       |       |   126 ||   126
Throw: Throwing net      |       |       |     1 |     1 ||     2
Invok: Draw Destruction  |       |       |     4 |    13 ||    17
       Draw Summoning    |       |       |       |     4 ||     4
       Draw Escape       |       |       |       |     3 ||     3
Evoke: Wand              |       |     5 |    20 |    24 ||    49
  Use: Potion            |       |     1 |     3 |     2 ||     6
       Scroll            |       |     1 |     7 |     4 ||    12
 Stab: Held in net/web   |       |       |       |     2 ||     2
Armor: Scale mail        |    89 |    58 |   192 |       ||   339
       Plate armour      |       |       |    73 |   268 ||   341
Dodge: Dodged            |    74 |    42 |   190 |   121 ||   427
Block: Buckler           |    29 |    28 |    83 |    81 ||   221
